AoeStats
← lo

Arena

509595230Analyzed
1v1 RM · 6d ago on Sep 27, 2026· 35m 54s· 2 players
Game mode
Random Map
Map size
Tiny (2 player)
Population
200
Speed
Normal
Resources
Standard
Victory
Conquest
Starting age
Dark Age
Ending age
Imperial Age
RankedLock teamsTeams togetherTeam positionsShared explorationLock speedFull tech treeHidden civsTurbo modeCheats
Victory
Defeat
🇦🇷 Inca · Argentina
792
+14
🇧🇾 Khmer · Belarus
741
-14
Nelford
10:14 Feudal Age
12:03 Loom
14:56 Castle Age
13:29 Fletching
13:50 Double-Bit Axe
14:23 Horse Collar
15:49 Town Watch
21:47 Heavy Plow
23:52 Bow Saw
28:49 Wheelbarrow
29:16 Gold Mining
32:10 Imperial Age
30:33 Stone Mining
30:46 Treadmill Crane
31:48 Scale Mail Armor
32:05 Forging
34:11 Chemistry
33:39 Hand Cart
34:49 Chain Mail Armor
36:13 Plate Mail Armor
36:19 Iron Casting
lo
10:35 Feudal Age
15:50 Castle Age
14:56 Double-Bit Axe
24:03 Wheelbarrow
24:06 Bow Saw
24:40 Horse Collar
30:35 Imperial Age
29:51 Forging
29:32 Fletching
29:48 Scale Barding Armor
31:14 Gold Mining
31:15 Stone Mining
32:51 Iron Casting
32:56 Hand Cart
33:04 Hand Cart
33:30 Conscription
33:36 Pikeman
34:18 Scale Mail Armor
Connection lost

Rejoining the realm…

Still unreachable

The connection could not be restored.

Session expired

The server has moved on; the page needs a fresh start.